Map: Dusty Gorge

Players

JaySlays

  • Race: Protoss Protoss
  • Spawn Location: 9:00

Wolf

  • Race: Zerg Zerg
  • League: Diamond
  • Spawn Location: 11:00

TheDave - Winner!

  • Race: Protoss Protoss
  • Spawn Location: 3:00

Greenman - Winner!

  • Race: Protoss Protoss
  • Spawn Location: 5:00

VOD

Have the link to the VOD?

Description

Time

  • Played on: April 22, 2018, 1:05 a.m.
  • Length: 20:30
Show
View Real Time Build Order
Export as new Build Order

JaySlays Protoss 

Build Orders: Dark Templar Rush 

Get SALT Encoding   

  12  0:01  Probe  
  13  0:13  Probe  
  14  0:22  Probe  
  14  0:26  Pylon  
  15  0:32  Assimilator  
  15  0:43  Probe  
  15  0:49  Gateway  
  16  0:54  Probe  
  17  1:02  Probe  
  18  1:11  Probe  
  18  1:26  Gateway  
  18  1:27  Probe  
  19  1:33  Pylon  
  19  1:56  Probe  
  20  2:03  Gateway  
  20  2:07  Cybernetics Core  
  20  2:08  Probe  
  20  2:21  Probe  
  21  2:29  Probe  
  21  2:30  Assimilator  
  21  2:35  Warp Gate  
  22  2:37  Probe  
  22  2:43  Adept  
  25  2:57  Twilight Council  
  25  3:10  Adept  
  27  3:14  Robotics Facility  
  27  3:15  Probe  
  28  3:25  Gateway  
  28  3:30  Pylon  
  28  3:43  Dark Shrine  
  32  4:00  Gateway  
  32  4:02  Warp Prism  
  30  4:44  Pylon  
  30  4:59  Templar Archives  
  30  5:05  Dark Templar x2  
  34  5:08  Dark Templar  
  36  5:16  Probe  
  37  5:28  Probe  
  38  5:35  Nexus  
  38  5:59  Dark Templar  
  38  6:00  Dark Templar  
  42  6:14  Probe  
  41  6:26  Probe  
  41  6:31  Zealot x2  
  44  6:38  Probe  
  39  6:49  Probe  
  39  6:50  Probe  
  41  6:57  Probe  
  41  6:58  Probe  
  41  7:01  Zealot x3  
  45  7:04  Pylon  
  45  7:07  Probe  
  49  7:10  Gateway  
  49  7:11  Gateway  
  49  7:12  Gateway  
  49  7:14  High Templar  
  52  7:19  Pylon  
  50  7:27  Stalker x2  
  50  7:28  Stalker  
  40  7:41  Probe x2  
  42  7:49  Pylon  
  42  7:52  Forge  
  42  7:53  Probe  
  43  8:09  Probe x2  
  43  8:10  Pylon  
  45  8:15  Shield Battery  
  41  8:21  Probe  
  41  8:22  Probe  
  43  8:33  Probe  
  44  8:40  Pylon  
  42  8:45  High Templar x2  
  42  8:46  High Templar  
  48  8:50  Archon  
  48  9:03  Nexus  
  48  9:10  High Templar  
  48  9:14  Archon  
  50  9:25  Stalker x2  
  51  9:55  Stalker x2  
  55  10:02  Pylon  
  55  10:05  Pylon  
  48  10:33  Photon Cannon  
  46  10:36  Photon Cannon x2  
  38  11:34  Assimilator  
  30  12:17  High Templar  
  30  12:19  High Templar  
  34  12:24  Archon  
  34  12:27  Nexus  
  34  12:33  Pylon  
  34  13:30  Charge  
  34  13:51  Assimilator  
  34  13:55  Assimilator  
  34  14:00  Nexus  
  34  14:05  Probe x2  
  34  14:07  Observer  
  37  14:23  Probe  
  37  14:24  Probe  
  39  14:25  Observer  
  40  14:36  Probe x2  
  38  14:41  Zealot x6  
  50  14:48  Probe x2  
  52  14:55  Pylon  
  52  15:00  Probe x2  
  54  15:12  Probe  
  55  15:14  Probe  
  55  15:17  Probe  
  55  15:20  High Templar x3  
  55  15:21  High Templar x2  
  67  15:24  Probe  
  67  15:26  Probe  
  69  15:29  Probe  
  69  15:33  Archon x2  
  70  15:36  Probe  
  70  15:38  Probe  
  66  15:45  Zealot  
  64  15:50  Protoss Ground Weapons Level 1  
  64  15:56  Photon Cannon, High Templar  
  64  15:57  High Templar  
  68  15:58  Photon Cannon  
  68  15:59  Pylon  
  68  16:05  Assimilator  
  68  16:08  Probe x3  
  68  16:09  Assimilator  
  71  16:19  Zealot x3  
  71  16:20  Zealot  
  79  16:33  Archon  
  79  16:37  Zealot x2  
  83  16:41  High Templar  
  83  16:42  High Templar  
  87  16:47  Archon  
  87  16:48  Zealot x2  
  91  16:58  Zealot x2  
  91  16:59  Gateway  
  91  17:00  Forge  
  95  17:04  Probe x2  
  62  17:31  Zealot x3  
  62  17:32  Zealot x3  
  64  17:41  Protoss Ground Weapons Level 2  
  64  17:43  Protoss Shields Level 1  
  56  18:24  Gateway  
  56  18:26  Gateway  
  56  18:33  High Templar x3  
  62  18:37  Archon  
  62  18:38  Zealot x2  
  62  18:39  Zealot  
  46  19:03  Probe x2  
  46  19:09  Stalker  
  38  19:10  Stalker x2  
  38  19:11  Stalker x2  
  46  19:26  Zealot  
  48  19:41  Zealot x5  
  48  19:42  Zealot x2  
  62  19:58  Zealot  
  64  20:09  Zealot x4  
  64  20:10  Zealot  
Show
View Real Time Build Order
Export as new Build Order

Wolf Zerg 

Build Orders: Hatch First 

Get SALT Encoding   

  12  0:01  Drone  
  13  0:12  Overlord  
  13  0:18  Drone  
  14  0:31  Drone x2  
  14  0:35  Drone  
  17  0:55  Hatchery  
  16  1:04  Drone  
  16  1:05  Drone  
  18  1:29  Extractor  
  18  1:30  Spawning Pool  
  18  1:32  Drone x3  
  19  1:45  Overlord  
  19  2:05  Drone x2  
  21  2:20  Queen x2  
  21  2:21  Zergling x6  
  28  2:26  Drone  
  29  2:30  Metabolic Boost  
  29  3:02  Drone x6  
  35  3:13  Hatchery  
  35  3:18  Drone x2  
  36  3:27  Overlord x2  
  36  3:37  Overlord x2  
  36  3:48  Evolution Chamber  
  35  3:51  Evolution Chamber  
  34  3:57  Zergling x8  
  34  4:02  Drone x3  
  41  4:03  Drone x2  
  41  4:05  Drone  
  44  4:21  Drone  
  44  4:22  Drone  
  46  4:24  Extractor, Lair  
  46  4:25  Extractor  
  46  4:26  Zerg Missile Weapons Level 1  
  46  4:28  Zerg Melee Weapons Level 1  
  44  4:38  Drone x5  
  46  4:40  Drone  
  49  4:54  Drone x4  
  49  4:55  Drone x3  
  56  5:03  Extractor  
  56  5:07  Drone x5  
  56  5:08  Drone  
  56  5:10  Extractor  
  56  5:12  Extractor  
  59  5:16  Drone x3  
  59  5:20  Zergling x2  
  63  5:32  Drone x3  
  63  5:34  Overlord x3  
  66  5:53  Zergling x2  
  66  5:54  Zergling x14  
  74  6:01  Hydralisk Den  
  73  6:05  Baneling Nest  
  73  6:07  Overlord x4  
  71  6:34  Hydralisk x4  
  71  6:35  Hydralisk x4  
  79  6:54  Muscular Augments  
  79  6:56  Queen x3  
  85  7:01  Hydralisk  
  85  7:02  Hydralisk x4  
  95  7:11  Overlord x4  
  95  7:23  Hatchery  
  95  7:28  Hydralisk x3  
  95  7:29  Hydralisk  
  102  7:52  Hydralisk  
  102  7:53  Hydralisk x6  
  116  8:05  Grooved Spines  
  116  8:27  Zergling x2  
  116  8:28  Zergling x22  
  128  8:39  Zerg Missile Weapons Level 2  
  128  8:40  Zerg Melee Weapons Level 2  
  128  8:44  Infestation Pit  
  127  8:52  Hydralisk x8  
  127  8:53  Zergling x2  
  127  8:54  Zergling x4  
  146  9:04  Zergling x12  
  146  9:08  Overlord x2  
  146  9:09  Overlord x3  
  152  9:28  Zergling x2  
  152  9:29  Zergling x18, Hatchery  
  161  9:40  Hydralisk x7  
  161  9:41  Hydralisk  
  107  10:46  Hydralisk x16  
  107  10:47  Hydralisk x2  
  132  11:14  Hydralisk x6  
  126  11:45  Spire  
  125  11:52  Drone x13  
  138  12:16  Hive  
  138  12:20  Drone x4  
  138  13:03  Corruptor  
  138  13:04  Corruptor x10  
  154  13:07  Corruptor  
  154  13:11  Corruptor  
  158  13:16  Corruptor  
  160  13:25  Corruptor  
  160  13:26  Corruptor  
  164  13:35  Corruptor  
  164  13:36  Corruptor  
  164  13:39  Corruptor  
  170  13:54  Zerg Flyer Weapons Level 1  
  170  13:55  Corruptor x3  
  176  14:06  Zerg Missile Weapons Level 3  
  104  14:46  Corruptor x6  
  114  15:09  Corruptor  
  114  15:10  Corruptor x3  
  114  15:11  Hatchery  
  109  15:28  Corruptor  
  109  15:29  Corruptor x2  
  115  16:01  Extractor  
  115  16:03  Extractor  
  113  16:04  Corruptor x3  
  113  16:05  Corruptor x2  
  113  16:08  Zergling x6  
  113  16:09  Zergling x20  
  116  16:32  Corruptor  
  116  16:33  Corruptor x3  
  124  16:42  Drone x5  
  124  16:43  Drone  
  130  17:00  Greater Spire, Corruptor x2  
  134  17:04  Hydralisk  
  134  17:05  Hydralisk  
  138  17:08  Baneling  
  136  17:31  Corruptor x2  
  136  17:32  Corruptor x3  
  120  17:59  Corruptor  
  120  18:00  Corruptor x3  
  128  18:18  Hatchery  
  96  18:43  Corruptor x4  
  96  18:44  Corruptor  
  104  19:07  Viper x2  
  110  19:19  Viper x2  
  115  19:49  Viper  
  82  20:08  Unknown  
  82  20:09  Unknown  
Show
View Real Time Build Order
Export as new Build Order

TheDave Protoss - Winner!

Build Orders:  

Get SALT Encoding   

  12  0:01  Probe  
  13  0:15  Pylon  
  13  0:19  Probe  
  14  0:27  Probe  
  15  0:36  Probe  
  15  0:42  Gateway  
  16  0:46  Probe  
  17  0:55  Probe, Assimilator  
  17  1:03  Probe  
  19  1:12  Probe  
  20  1:24  Probe  
  21  1:36  Probe  
  21  1:48  Pylon  
  21  1:49  Probe  
  21  1:52  Cybernetics Core  
  22  2:00  Nexus  
  22  2:01  Probe  
  23  2:07  Zealot  
  25  2:12  Assimilator  
  25  2:13  Probe  
  25  2:22  Probe  
  26  2:27  Forge  
  27  2:34  Probe  
  28  2:37  Stalker  
  30  2:49  Pylon  
  30  2:59  Stargate  
  30  3:01  Probe  
  30  3:12  Probe  
  30  3:17  Photon Cannon  
  30  3:18  Probe, Stalker  
  34  3:41  Probe  
  34  3:47  Void Ray  
  35  3:51  Gateway  
  35  3:53  Probe  
  40  3:56  Probe  
  40  4:00  Assimilator  
  41  4:05  Assimilator  
  41  4:07  Probe  
  41  4:08  Pylon  
  41  4:15  Probe x2  
  44  4:25  Probe, Stargate  
  44  4:27  Probe  
  46  4:37  Probe, Protoss Air Weapons Level 1  
  47  4:43  Zealot  
  47  4:44  Probe  
  50  4:49  Probe  
  51  4:56  Probe  
  51  4:58  Void Ray  
  56  5:01  Probe  
  56  5:03  Void Ray  
  56  5:04  Pylon  
  57  5:13  Probe  
  62  5:25  Probe  
  62  5:28  Fleet Beacon  
  63  5:40  Photon Cannon  
  63  5:43  Photon Cannon  
  63  5:45  Pylon  
  63  5:47  Void Ray  
  63  5:55  Void Ray  
  71  6:06  Photon Cannon  
  71  6:38  Zealot x2  
  75  6:43  Probe  
  75  6:46  Stargate  
  76  6:49  Pylon  
  76  6:55  Photon Cannon  
  76  7:07  Void Ray x2  
  84  7:09  Pylon  
  84  7:50  Carrier  
  90  8:06  Carrier  
  92  8:21  Pylon  
  92  8:22  Robotics Facility  
  92  8:46  Graviton Catapult  
  92  8:52  Carrier  
  98  8:57  Stargate  
  98  9:00  Protoss Air Armor Level 1  
  98  9:02  Nexus  
  98  9:04  Pylon  
  98  9:08  Pylon  
  98  9:10  Pylon  
  98  9:12  Carrier  
  98  9:22  Carrier  
  110  10:08  Carrier  
  106  10:20  Carrier  
  112  10:41  Carrier  
  98  10:59  Mothership  
  100  11:22  Photon Cannon  
  100  11:24  Photon Cannon  
  100  11:26  Photon Cannon  
  100  11:28  Photon Cannon  
  100  11:29  Probe, Shield Battery  
  100  11:30  Shield Battery  
  100  11:37  Probe  
  102  11:47  Probe  
  103  11:59  Probe  
  104  12:05  Carrier  
  104  12:06  Carrier  
  104  12:09  Carrier  
  104  12:11  Probe  
  104  12:12  Protoss Air Weapons Level 2  
  117  12:23  Probe  
  118  12:30  Assimilator  
  118  12:34  Assimilator  
  118  12:35  Probe x2  
  120  12:40  Nexus  
  120  12:41  Pylon  
  120  12:44  Pylon  
  120  12:47  Probe, Stargate  
  121  12:51  Cybernetics Core  
  121  13:13  Probe  
  122  13:25  Probe, Carrier  
  123  13:27  Stargate  
  129  13:35  Carrier  
  135  14:12  Carrier x2  
  147  14:23  Protoss Air Weapons Level 3  
  109  14:48  Void Ray  
  109  14:51  Void Ray  
  117  15:08  Probe  
  117  15:13  Protoss Air Armor Level 2  
  118  15:18  Carrier  
  118  15:20  Probe  
  119  15:30  Carrier  
  119  15:32  Probe  
  132  15:42  Probe  
  133  15:50  Probe  
  134  15:59  Probe  
  134  16:01  Carrier  
  134  16:02  Pylon  
  141  16:09  Carrier  
  141  16:12  Probe, Assimilator  
  141  16:16  Assimilator  
  148  16:36  Phoenix  
  148  16:37  Phoenix x2  
  152  16:46  Photon Cannon  
  154  16:48  Photon Cannon  
  154  16:56  Phoenix  
  156  17:02  Phoenix  
  156  17:03  Nexus  
  158  17:35  Shield Battery  
  158  17:37  Shield Battery  
  158  17:39  Pylon, Carrier  
  158  17:40  Carrier  
  158  17:41  Pylon  
  158  17:43  Photon Cannon  
  170  17:51  Pylon  
  166  18:00  Phoenix x4  
  174  18:14  Protoss Shields Level 1  
  174  18:17  Assimilator  
  174  18:22  Assimilator  
  174  18:25  Phoenix  
  164  18:43  Carrier  
  166  18:56  Photon Cannon  
  166  18:57  Photon Cannon  
  166  18:59  Photon Cannon  
  166  19:01  Pylon  
  166  19:02  Pylon  
  160  19:03  Shield Battery  
  160  19:16  Probe  
  161  19:20  Phoenix x3  
  161  19:22  Phoenix x2  
  171  19:28  Probe  
  172  19:41  Probe  
  185  20:05  Nexus  
  179  20:07  Pylon  
Show
View Real Time Build Order
Export as new Build Order

Greenman Protoss - Winner!

Build Orders:  

Get SALT Encoding   

  12  0:01  Probe  
  13  0:13  Probe  
  14  0:20  Pylon  
  14  0:25  Probe  
  15  0:38  Probe  
  15  0:40  Gateway  
  16  0:48  Probe  
  16  0:56  Probe, Assimilator  
  18  1:04  Probe  
  19  1:42  Cybernetics Core  
  19  1:45  Gateway  
  19  1:47  Gateway  
  19  1:50  Probe, Pylon  
  20  2:02  Probe, Warp Gate  
  21  2:14  Probe  
  21  2:15  Assimilator  
  22  2:18  Forge  
  22  2:25  Zealot  
  24  2:34  Zealot x2  
  28  2:37  Probe  
  29  2:47  Protoss Ground Weapons Level 1  
  29  3:08  Stalker  
  31  3:14  Pylon  
  31  3:32  Stalker  
  33  3:38  Gateway  
  33  3:39  Gateway  
  33  3:44  Twilight Council  
  33  3:58  Photon Cannon  
  33  4:01  Photon Cannon  
  33  4:32  Probe, Nexus  
  34  4:40  Probe  
  35  4:48  Pylon  
  35  4:50  Probe  
  36  5:02  Probe  
  37  5:14  Probe  
  38  5:26  Probe  
  38  5:27  Zealot x4  
  47  5:43  Probe  
  47  5:47  Photon Cannon  
  47  5:49  Photon Cannon  
  48  5:59  Cybernetics Core  
  40  6:55  Probe  
  40  6:58  Pylon  
  40  6:59  Pylon  
  40  7:00  Pylon  
  41  7:01  Probe  
  41  7:04  Probe  
  43  7:09  Probe  
  43  7:10  Robotics Facility  
  43  7:13  Probe  
  44  7:20  Probe  
  46  7:25  Probe  
  46  7:26  Gateway  
  47  7:31  Gateway x2  
  47  7:32  Probe  
  48  7:38  Probe  
  49  7:44  Probe  
  49  7:50  Probe  
  51  7:59  Robotics Bay  
  51  8:02  Probe  
  51  8:03  Observer  
  53  8:09  Robotics Facility  
  53  8:14  Probe  
  54  8:26  Probe  
  55  8:34  Probe  
  55  8:36  Pylon  
  55  8:37  Pylon  
  55  8:40  Colossus  
  56  8:42  Probe, Assimilator  
  56  8:43  Extended Thermal Lance  
  56  8:46  Colossus  
  57  8:51  Probe  
  64  9:01  Probe  
  70  9:09  Probe  
  71  9:16  Shield Battery  
  72  9:18  Probe  
  72  9:19  Shield Battery  
  72  9:23  Probe  
  74  9:25  Forge  
  74  9:30  Probe  
  75  9:35  Probe  
  75  9:36  Colossus  
  82  9:42  Probe  
  82  9:45  Pylon  
  83  9:47  Pylon  
  89  10:13  Colossus  
  83  10:18  Zealot x5  
  48  11:47  Gateway  
  48  12:05  Pylon  
  48  12:06  Pylon  
  48  12:08  Pylon  
  48  12:10  Pylon  
  48  12:24  Immortal  
  48  12:28  Gateway  
  52  12:30  Gateway  
  52  12:33  Gateway  
  52  12:36  Gateway  
  52  12:38  Gateway  
  52  12:40  Gateway  
  52  12:43  Gateway  
  52  13:03  Immortal  
  56  13:37  Twilight Council  
  56  13:40  Pylon  
  56  13:41  Pylon  
  56  13:42  Immortal  
  56  13:43  Pylon, Zealot x6  
  56  13:44  Zealot  
  74  14:07  Zealot x5  
  74  14:08  Zealot x2  
  60  14:48  Charge  
  54  14:58  Gateway  
  54  15:00  Gateway  
  54  15:10  Nexus  
  54  15:11  Pylon  
  54  15:13  Pylon  
  54  15:14  Zealot x2  
  54  15:15  Zealot x5  
  68  15:25  Assimilator  
  66  16:18  Zealot x6  
  68  16:19  Zealot x3  
  68  16:20  Zealot  
  80  16:40  Zealot x5  
  80  16:41  Zealot x4  
  40  17:44  Zealot x7  
  40  17:45  Zealot x3  
  44  18:06  Zealot x3  
  44  18:07  Zealot  
  21  19:13  Nexus  
  21  19:20  Probe  
  21  19:29  Probe  
  23  19:38  Probe  
  24  19:50  Probe  
  24  20:03  Probe  
  25  20:08  Zealot x6  
  25  20:09  Zealot x2  
Tags
 
Add a new tag
Caveats
  • Supply blocks, unpowered buildings, or Contaminate may cause inaccurate times.
  • Supply counts are checked every 10 seconds.